 Dungeon Crawl Stone Soup version 0.31.0-9-g3a7656b989 (webtiles) character file.

Game seed: 12843289147198609752

98 qw the Shooter (level 4, -1/25 HPs)
             Began as a Deep Elf Hunter on Feb 2, 2024.
             Slain by Sigmund
             ... wielding a +0 scythe
              (2 damage)
             ... on level 3 of the Dungeon.
             The game lasted 00:00:07 (1311 turns).

qw the Shooter (Deep Elf Hunter)                    Turns: 1311, Time: 00:00:08

Health: -1/25      AC:  8    Str: 10    XL:     4   Next: 44%
Magic:  6/6        EV: 11    Int: 14    God:
Gold:   98         SH:  0    Dex: 18    Spells: 3/3 levels left

rFire   . . .        a - +0 shortbow
rCold   . . .        (shield currently unavailable)
rNeg    . . .        f - +1 ring mail
rPois   .            e - +2 hat
rElec   .            (no cloak)
rCorr   .            (no gloves)
SInv    .            (no boots)
Will    +....        (no amulet)
Stlth   +            h - ring of willpower
HPRegen 0.24/turn    (no ring)
MPRegen 0.10/turn

%: no passive effects
@: no status effects
A: no striking features
a: no special abilities


You were on level 3 of the Dungeon.
You visited 1 branch of the dungeon, and saw 3 of its levels.

You collected 98 gold pieces.


   Skills:
 - Level 1.5 Fighting
 + Level 7.9 Ranged Weapons
 - Level 2.4 Dodging
 - Level 1.2 Stealth


You had 3 spell levels left.
You didn't know any spells.
Your spell library was empty.

Inventory:

Hand Weapons
 a - a +0 shortbow (weapon)
Armour
 e - a +2 hat (worn)
 f - a +1 ring mail (worn)
Jewellery
 h - a ring of willpower (left hand)
Potions
 b - a potion of attraction {unknown}
 c - a potion of brilliance {unknown}
 d - a potion of haste {unknown}
 g - a potion of enlightenment {unknown}
 i - a potion of berserk rage {unknown}

Dungeon Overview and Level Annotations

Branches:
Dungeon (3/15)

Altars:

Annotations:
D:3 Sigmund


Message History

You shoot an arrow. The arrow barely misses Sigmund.
Sigmund zaps a wand.
The puff of flame hits you!
1295 ||| FLEEEEING.
You see here a ball python corpse.
You start resting.
Sigmund is nearby!
You shoot an arrow. The arrow closely misses Sigmund.
Sigmund barely misses you.
You shoot an arrow. The arrow hits Sigmund.
Sigmund is lightly wounded.
Sigmund hits you but does no damage.
You shoot an arrow. The arrow barely misses Sigmund.
Sigmund gestures wildly while chanting.
Sigmund flickers and vanishes!
Deactivating autopickup; reactivate with Ctrl-A.
You shoot an arrow.
You hear a zap.
A puff of flame appears from out of thin air!
The puff of flame hits you.
You shoot an arrow. Something hits you but does no damage.
You shoot an arrow.
You hear some strange, mumbled words.
A puff of flame appears from out of thin air!
The puff of flame misses you.
You shoot an arrow.
You hear some strange, mumbled words.
Something tries to affect you, but you resist.
You shoot an arrow. Something hits you.
You shoot an arrow. Something hits you.
You shoot an arrow. You shoot an arrow. Something hits you.
You shoot an arrow. Something hits you but does no damage.
You shoot an arrow. Something hits you.
You die...

#.. #. #######.. #.
.# #........ #@ #.
#........ #. .
......#.# #. .#
#.###.#.# #.
###.#.###.##....#
#{##............#..#
#..@.# .#..#...##
###..# .#..##.###
#..# #.......... #..#
#.#..##.###
##..#####.#..##.#
####......>..#..##.#
...........####..##.#
.####...#.%.[.......#
##.##.######.####


There were no monsters in sight!

Vanquished Creatures
  A gnoll (D:1)
  3 adders (D:2)
  2 dart slugs (D:1)
  5 ball pythons
  7 endoplasms
  A giant cockroach (D:1)
  6 goblins
  9 hobgoblins
  5 kobolds
  3 quokkas
  4 bats
  3 frilled lizards
  5 rats
54 creatures vanquished.

Notes
Turn   | Place    | Note
-------+----------+-------------------------------------------
     0 | D:1      | qw the Deep Elf Hunter began the quest for the Orb.
     0 | D:1      | Reached XP level 1. HP: 12/12 MP: 3/3
     0 | D:1      | 0 ||| qw: Version: 0.3-a-155-g5e7d8dd
     0 | D:1      | 0 ||| qw: Game counter: 1831
     0 | D:1      | 0 ||| qw: Melee chars always use a shield: true
     0 | D:1      | 0 ||| qw: God list: Okawaru
     0 | D:1      | 0 ||| qw: Allow faded altars: false
     0 | D:1      | 0 ||| qw: Do Orc after clearing Dungeon:15 true
     0 | D:1      | 0 ||| qw: Do second Lair branch before Depths: true
     0 | D:1      | 0 ||| qw: Lair rune preference: random
     0 | D:1      | 0 ||| qw: Goals: Normal
     0 | D:1      | 0 ||| PLANNING D:1-11
    52 | D:1      | Reached XP level 2. HP: 9/16 MP: 4/4
   111 | D:1      | Reached skill level 6 in Ranged Weapons
   221 | D:1      | Reached XP level 3. HP: 19/20 MP: 5/5
   391 | D:1      | 391 ||| READING 3 scrolls labelled SUTUCACV ZIRAI.
   392 | D:1      | 392 ||| READING scroll labelled USEAPHO YCAE.
   393 | D:1      | 393 ||| DROPPING scroll of butterflies.
   394 | D:1      | 394 ||| DROPPING 2 scrolls of immolation.
   470 | D:2      | Reached skill level 7 in Ranged Weapons
   568 | D:2      | You fall into a shaft and drop 1 floor!
   572 | D:3      | 572 ||| READING scroll labelled XEFINA TOUCWU.
   572 | D:3      | 572 ||| IDENTIFYING amethyst potion
   573 | D:3      | 573 ||| DROPPING potion of degeneration.
   675 | D:2      | Reached XP level 4. HP: 24/25 MP: 6/6
   833 | D:2      | Found a faded altar of an unknown god.
  1044 | D:2      | 1044 ||| UPGRADING to +2 hat.
  1049 | D:2      | 1049 ||| UPGRADING to +0 ring mail.
  1059 | D:2      | 1059 ||| DROPPING +0 leather armour.
  1060 | D:2      | 1060 ||| UPGRADING to ring of willpower.
  1061 | D:2      | 1061 ||| READING scroll labelled JIBAZE TORPHOESE.
  1062 | D:2      | 1062 ||| READING scroll labelled NELAFA KASAU.
  1062 | D:2      | 1062 ||| ENCHANTING +0 ring mail.
  1293 | D:3      | Noticed Sigmund
  1295 | D:3      | 1295 ||| FLEEEEING.
  1307 | D:3      | HP: 3/25 [something (6)]
  1309 | D:3      | HP: 1/25 [something (3)]
  1311 | D:3      | Slain by Sigmund

Levels and vault maps discovered:
D:1:      dpeg_arrival_radiant, layout_rooms
D:2:      layout_loops_cross, hellmonk_ecumenical_altar_arch_garden
D:3:      layout_loops_ring, bloody_makhleb, uniq_natasha, uniq_terence,
          uniq_sigmund

Skill      XL: |  1  2  3 |
---------------+----------+-----
Ranged Weapons | 6 7 |  7.9
Fighting       | |  1.5
Dodging        | |  2.4
Stealth        | |  1.2

Action                     |  1- 3 |  4- 6 || total
---------------------------+-------+-------++-------
   Fire: Shortbow          |    89 |    64 ||   153
    Use: Scroll            |     3 |     2 ||     5
 Armour: Leather armour    |     9 |     2 ||    11
         Ring mail         |       |    13 ||    13
  Dodge: Dodged            |     5 |     7 ||    12

Table legend:
 A = Non-vault XP
 B = Vault XP
 C = Vault XP percentage of total XP
 D = Non-vault monster count
 E = Vault monster count
 F = Vault count percentage of total count
                 A         B        C        D         E       F
            +---------+---------+-------+---------+---------+-------
      Total |     141 |       0 |   0.0 |      54 |       0 |   0.0
            +---------+---------+-------+---------+---------+-------
        D:1 |      61 |       0 |   0.0 |      26 |       0 |   0.0
        D:2 |      62 |       0 |   0.0 |      18 |       0 |   0.0
        D:3 |      18 |       0 |   0.0 |      10 |       0 |   0.0
            +---------+---------+-------+---------+---------+-------
